 Dungeon Crawl Stone Soup version 0.28-a0-1594-ga885d4b3d6 (webtiles) character file.

Game seed: 7107182959312758510

238 croobank the Gusty (level 5, -2/38 HPs)
             Began as a Demigod Air Elementalist on Jan 21, 2022.
             Slain by Dowan (7 damage)
             ... on level 4 of the Dungeon.
             The game lasted 00:15:43 (4381 turns).

croobank the Gusty (Demigod Air Elementalist)       Turns: 4381, Time: 00:15:43

Health: -2/38      AC:  3    Str:  9    XL:     5   Next: 48%
Magic:  0/11       EV: 17    Int: 21    God:
Gold:   115        SH:  0    Dex: 14    Spells: 1/9 levels left

rFire   . . .      SeeInvis .   p - +0 dagger (holy)
rCold   . . .      Faith    .   (no shield)
rNeg    . . .      Spirit   .   a - +0 robe
rPois   .          Reflect  .   (no helmet)
rElec   .          Harm     .   (no cloak)
rCorr   .          Rampage  .   m - +0 pair of gloves
Will    .....                   (no boots)
Stlth   ++........              (no amulet)
HPRegen 0.12/turn               o - ring of wizardry
MPRegen 0.12/turn               s - +4 ring of evasion

@: mighty, swift (expiring), very slightly contaminated, very quick
A: high mp 1, forlorn, divine attributes
a: no special abilities


You were on level 4 of the Dungeon.
You visited 1 branch of the dungeon, and saw 4 of its levels.

You collected 115 gold pieces.

Inventory:

Hand Weapons
 b - a +0 hunting sling
 d - a +0 whip
 f - a +0 dagger of venom
 i - a +0 spear
 p - a +0 dagger of holy wrath (weapon)
Missiles
 v - 133 stones
 w - 18 bolts
 x - 4 javelins
Armour
 a - a +0 robe (worn)
 c - a +1 chain mail
 m - a +0 pair of gloves (worn)
Jewellery
 j - a ring of protection from fire
 l - a ring of see invisible
 o - a ring of wizardry (left hand)
 r - a ring of resist corrosion
 s - a +4 ring of evasion (right hand)
Potions
 g - a potion of ambrosia {unknown}
 n - a potion of degeneration {unknown}
 q - a potion of haste {unknown}
 u - 2 potions of resistance


   Skills:
 + Level 3.0 Dodging
 + Level 3.1 Stealth
 + Level 2.7 Spellcasting
 + Level 2.3 Conjurations
 + Level 3.5 Air Magic


You had one spell level left.
You knew the following spells:

 Your Spells              Type           Power      Damage    Failure   Level
a - Shock                 Conj/Air       60%        1d6       1%          1
b - Static Discharge      Conj/Air       15%        N/A       2%          2
c - Blink                 Tloc           4%         N/A       9%          2
d - Swiftness             Air            17%        N/A       4%          3

Your spell library contained the following spells:

 Spells                   Type           Power      Damage    Failure   Level
 Airstrike                Air            8%         N/A       13%         4
 Lesser Beckoning         Tloc           2%         N/A       16%         3
 Manifold Assault         Tloc           2%         N/A       80%         5


Dungeon Overview and Level Annotations

Branches:
Dungeon (4/15)
 Temple: D:4-7

Annotations:
D:3 1 runed translucent door
D:4 Dowan, Duvessa


Innate Abilities, Weirdness & Mutations

You have an increased reservoir of magic. (+10% MP)
You shall have no god before yourself.
Your divine heritage dramatically boosts your attributes as you level up.


Message History

You miscast Static Discharge.
You are very lightly contaminated with residual magic.
Nothing appears to happen.
Duvessa closely misses you.
Dowan gestures at Duvessa while chanting.
Duvessa seems to speed up.
Casting: Static Discharge (safe; 2% risk of failure)
Confirm with . or Enter, or press ? or * to list all spells.
The dart slug is struck by an arc of lightning.
The dart slug is moderately wounded.
The lightning grounds out.
Duvessa is struck by an arc of lightning!
Duvessa is moderately wounded.
You are struck by an arc of lightning.
Duvessa is struck by an arc of lightning!
Duvessa is moderately wounded.
The lightning grounds out.
Duvessa barely misses you. The dart slug barely misses you.
Duvessa hits you with a +0 rapier.
Casting: Static Discharge (safe; 2% risk of failure)
Confirm with . or Enter, or press ? or * to list all spells.
You don't have enough magic to cast this spell.
You start to feel a little slower.
Duvessa closely misses you. The dart slug barely misses you.
Dowan hits you with a +0 dagger.
You aren't carrying any scrolls.
You feel much better. Duvessa misses you.
Duvessa says, "Where magic fails, the sword succeeds!"
Duvessa hits you with a +0 rapier! Dowan barely misses you.
The dart slug launches a dart at you. The slug dart hits you.
You feel very mighty all of a sudden. Duvessa barely misses you.
Dowan hits you but does no damage.
Casting: Static Discharge (safe; 2% risk of failure)
Confirm with . or Enter, or press ? or * to list all spells.
The dart slug is struck by an arc of lightning!
You kill the dart slug!
You are struck by an arc of lightning.
The lightning grounds out.
Duvessa closely misses you. Duvessa hits you with a +0 rapier!
* * * LOW HITPOINT WARNING * * *
Dowan hits you with a +0 dagger!
You die...

#....# .. #....# .....
#....# .....
#....########.....
#.................
###'#.............
#......#.............
#......#.....(e......
........#.....@e......
........#######†......
######..# ....... #+##
....... .......
....... .......
.......


You could see Duvessa (fast) and Dowan.

Vanquished Creatures
  A human zombie (D:3)
  An orc priest (D:3)
  Natasha (thrice) (D:3)
  Robin (D:3)
  2 adders
  A worm (D:2)
  2 dart slugs
  2 orcs (D:3)
  7 endoplasms
  4 giant cockroaches
  15 goblins
  10 hobgoblins
  3 kobolds
  A quokka (D:3)
  A ball python (D:3)
  6 bats
  3 frilled lizards
  A kobold skeleton (D:3)
  6 rats
70 creatures vanquished.

Notes
Turn   | Place    | Note
-------+----------+-------------------------------------------
     0 | D:1      | croobank the Demigod Air Elementalist began the quest for
                  | the Orb.
     0 | D:1      | Reached XP level 1. HP: 14/14 MP: 5/5
    67 | D:1      | Reached skill level 1 in Conjurations
   687 | D:1      | Reached XP level 2. HP: 20/20 MP: 1/7
   795 | D:1      | Learned a level 2 spell: Static Discharge
  1551 | D:2      | Learned a level 2 spell: Blink
  1635 | D:2      | Reached XP level 3. HP: 26/26 MP: 4/8
  2460 | D:3      | Noticed Robin
  2475 | D:3      | HP: 1/26 [hobgoblin[Robin] (3)]
  2699 | D:3      | Killed Robin
  2835 | D:3      | Noticed Natasha
  2841 | D:3      | Killed Natasha
  2842 | D:3      | Reached XP level 4. HP: 13/33 MP: 3/10
  3078 | D:3      | Noticed Natasha
  3088 | D:3      | Killed Natasha
  3097 | D:3      | Reached XP level 5. HP: 16/38 MP: 2/11
  3292 | D:3      | Learned a level 3 spell: Swiftness
  3919 | D:3      | Noticed Natasha
  3923 | D:3      | Killed Natasha
  4043 | D:3      | Found a runed translucent door.
  4043 | D:3      | Noticed a human
  4369 | D:4      | Noticed Dowan
  4370 | D:4      | Noticed Duvessa
  4381 | D:4      | Slain by Dowan

Illustrated notes

Levels and vault maps discovered:
D:1:      lordsloth_arrival_two_stooges, layout_basic,
          ebering_ecumenical_altar_petrified, minmay_tromino_v2
D:2:      layout_loops_ring
D:3:      layout_loops_cross, dk_yredelemnul_ordeal, uniq_robin, uniq_natasha
D:4:      layout_gridville, enter_ossuary_2, uniq_edmund, uniq_duvessa,
          uniq_crazy_yiuf_cottage

Skill      XL: |  1  2  3  4  5 |
---------------+----------------+-----
Conjurations   | 1 2 |  2.3
Stealth        | 2 3 |  3.1
Dodging        | 2 3 |  3.0
Spellcasting   | 2 |  2.7
Air Magic      | 3 |  3.5

Action                   |  1- 3 |  4- 6 || total
-------------------------+-------+-------++-------
Melee: Unarmed           |    11 |       ||    11
       Whip              |    24 |       ||    24
       Punch             |     1 |       ||     1
       Dagger            |       |    44 ||    44
 Cast: Shock             |    57 |     9 ||    66
       Static Discharge  |    30 |    24 ||    54
       Swiftness         |       |     1 ||     1
  Use: Potion            |     2 |     2 ||     4
       Scroll            |     1 |     6 ||     7
Armor: Robe              |    14 |    10 ||    24
Dodge: Dodged            |    51 |    50 ||   101

Table legend: (Time is in decaauts)
 A = Elapsed time spent in this place.
 B = Non-inter-level travel time spent in this place.
 C = Inter-level travel time spent in this place.
 D = Time resting spent in this place.
 E = Time spent auto-exploring this place.
 F = Levels seen in this place.
 G = Mean time per level.
                   A        B        C        D        E       F      G
               +--------+--------+--------+--------+--------+-----+--------+
         Total |   4380 |   4319 |     61 |   1037 |   2621 |   4 | 1095.0 |
       Dungeon |   4380 |   4319 |     61 |   1037 |   2621 |   4 | 1095.0 |
               +--------+--------+--------+--------+--------+-----+--------+

Top non-repeatable levels by time:
     D:3: 1571 daAuts
     D:1: 1394 daAuts
     D:2: 1385 daAuts
     D:4: 28 daAuts
